TOP OF THE 1ST |
Highwood Hawks batting - Pitching for Connetquot Chiefs : LHP Jamey Crockett
|
Pitching: LHP Jamey Crockett
|
|
Batting: SHB Iikka Karpinen
|
0-0: Called Strike 0-1: Called Strike 0-2: SINGLE (Groundball, 6D)
|
Batting: RHB Rafael Rivera
|
0-0: Ball 1-0: Foul Ball, location: 2F 1-1: Ball 2-1: DOUBLE (Line Drive, 9D) Iikka Karpinen to third
|
Batting: RHB Lane McCool
|
0-0: Called Strike 0-1: Called Strike 0-2: Strikes out swinging
|
Batting: RHB Luis Díaz
|
0-0: Swinging Strike 0-1: Ball 1-1: Foul Ball, location: 2F 1-2: Ball 2-2: Strikes out swinging
|
Batting: RHB Tevin McTevin
|
0-0: Ground out 6-3 (Groundball, 6)
|
Top of the 1st over - 0 run(s), 2 hit(s), 0 error(s), 2 left on base; Highwood 0 - Connetquot 0 |
BOTTOM OF THE 1ST |
Connetquot Chiefs batting - Pitching for Highwood Hawks : RHP Matt Digby
|
Pitching: RHP Matt Digby
|
|
Batting: RHB Felipe Córdova
|
0-0: Called Strike 0-1: Ball 1-1: Ball 2-1: Ball 3-1: Called Strike 3-2: Foul Ball, location: 2F 3-2: Base on Balls
|
Batting: RHB Jesús Jaramillo
|
0-0: Ball 1-0: Called Strike 1-1: Foul Ball, location: 2F 1-2: Foul Ball, location: 2F 1-2: Ball 2-2: Fielders Choice at 2nd, 6-4 (Groundball, 56)
|
Batting: RHB Dan Chrzan
|
0-0: Ball 1-0: Called Strike 1-1: Ball 2-1: Fly out, F1 (Line Drive, 13)
|
Batting: RHB Steve Orwig
|
0-0: Swinging Strike 0-1: Ball 1-1: Fly out, F6 (Line Drive, 6M)
|
Bottom of the 1st over - 0 run(s), 0 hit(s), 0 error(s), 1 left on base; Highwood 0 - Connetquot 0 |
TOP OF THE 2ND |
Highwood Hawks batting - Pitching for Connetquot Chiefs : LHP Jamey Crockett
|
Batting: RHB Stan Pagnotta
|
0-0: Foul Ball, location: 2F 0-1: Swinging Strike 0-2: Ball 1-2: Strikes out swinging
|
Batting: RHB Jack Bonner
|
0-0: Ball 1-0: Called Strike 1-1: Swinging Strike 1-2: Strikes out swinging, 2-3 out at first.
|
Batting: RHB Ricardo Rivera
|
0-0: Ball 1-0: Called Strike 1-1: Foul Ball, location: 2F 1-2: Foul Ball, location: 2F 1-2: Ball 2-2: Strikes out swinging
|
Top of the 2nd over - 0 run(s), 0 hit(s), 0 error(s), 0 left on base; Highwood 0 - Connetquot 0 |
BOTTOM OF THE 2ND |
Connetquot Chiefs batting - Pitching for Highwood Hawks : RHP Matt Digby
|
Batting: RHB Ricardo Pulido
|
0-0: Called Strike 0-1: Foul Ball, location: 2F 0-2: Strikes out swinging
|
Batting: LHB Travis Grigor
|
0-0: Foul Ball, location: 2F 0-1: Ball 1-1: Ball 2-1: Foul Ball, location: 2F 2-2: Strikes out looking
|
Batting: RHB Cristián Ramírez
|
0-0: Ball 1-0: SINGLE (Groundball, 56D)
|
Batting: RHB Gioacchino Basaglia
|
0-0: Ball 1-0: Ball 2-0: SINGLE (Groundball, 6MD) Cristián Ramírez to second Runner from 2nd tries for 3rd, SAFE, no throw
|
Batting: RHB DeAndre Thomas
|
0-0: Fielders Choice at 2nd, 6-4 (Groundball, 6)
|
Bottom of the 2nd over - 0 run(s), 2 hit(s), 0 error(s), 1 left on base; Highwood 0 - Connetquot 0 |
TOP OF THE 3RD |
Highwood Hawks batting - Pitching for Connetquot Chiefs : LHP Jamey Crockett
|
Batting: RHB Jurg Dansen
|
0-0: Called Strike 0-1: Foul Ball, location: 2F 0-2: Strikes out swinging
|
Batting: SHB Iikka Karpinen
|
0-0: Ball 1-0: Ball 2-0: Swinging Strike 2-1: Swinging Strike 2-2: Ball 3-2: Strikes out looking
|
Batting: RHB Rafael Rivera
|
0-0: Called Strike 0-1: Ball 1-1: Ball 2-1: Foul Ball, location: 2F 2-2: Strikes out looking
|
Top of the 3rd over - 0 run(s), 0 hit(s), 0 error(s), 0 left on base; Highwood 0 - Connetquot 0 |
BOTTOM OF THE 3RD |
Connetquot Chiefs batting - Pitching for Highwood Hawks : RHP Matt Digby
|
Batting: RHB Felipe Córdova
|
0-0: Foul Ball, location: 2F 0-1: Ball 1-1: Ball 2-1: Swinging Strike 2-2: Ball 3-2: Foul Ball, location: 2F 3-2: Strikes out swinging
|
Batting: RHB Jesús Jaramillo
|
0-0: Called Strike 0-1: Swinging Strike 0-2: Ball 1-2: Strikes out looking
|
Batting: RHB Dan Chrzan
|
0-0: Called Strike 0-1: Fly out, F8 (Flyball, 8LS)
|
Bottom of the 3rd over - 0 run(s), 0 hit(s), 0 error(s), 0 left on base; Highwood 0 - Connetquot 0 |
TOP OF THE 4TH |
Highwood Hawks batting - Pitching for Connetquot Chiefs : LHP Jamey Crockett
|
Batting: RHB Lane McCool
|
0-0: Ball 1-0: Ball 2-0: Ball 3-0: Swinging Strike 3-1: Base on Balls
|
Batting: RHB Luis Díaz
|
0-0: Ball 1-0: Swinging Strike 1-1: Swinging Strike 1-2: Fly out, F9 (Flyball, 9LS)
|
Batting: RHB Tevin McTevin
|
0-0: Swinging Strike 0-1: Ball 1-1: Ball 2-1: Swinging Strike 2-2: Foul Ball, location: 2F 2-2: Foul Ball, location: 2F 2-2: Ball 3-2: Strikes out swinging
|
Batting: RHB Stan Pagnotta
|
0-0: Foul Ball, location: 2F 0-1: Called Strike 0-2: Strikes out swinging
|
Top of the 4th over - 0 run(s), 0 hit(s), 0 error(s), 1 left on base; Highwood 0 - Connetquot 0 |
BOTTOM OF THE 4TH |
Connetquot Chiefs batting - Pitching for Highwood Hawks : RHP Matt Digby
|
Batting: RHB Steve Orwig
|
0-0: Ground out 5-3 (Groundball, 56S)
|
Batting: RHB Ricardo Pulido
|
0-0: Ball 1-0: Ball 2-0: Ball 3-0: Base on Balls
|
Batting: LHB Travis Grigor
|
0-0: Ball 1-0: Fielders Choice at 2nd, 6-4 (Groundball, 6)
|
Batting: RHB Cristián Ramírez
|
0-0: Called Strike Travis Grigor is caught stealing 2nd base
|
Bottom of the 4th over - 0 run(s), 0 hit(s), 0 error(s), 0 left on base; Highwood 0 - Connetquot 0 |
TOP OF THE 5TH |
Highwood Hawks batting - Pitching for Connetquot Chiefs : LHP Jamey Crockett
|
Batting: RHB Jack Bonner
|
0-0: Foul Ball, location: 2F 0-1: Ball 1-1: Foul Ball, location: 2F 1-2: Strikes out swinging
|
Batting: RHB Ricardo Rivera
|
0-0: SINGLE (Line Drive, 56D)
|
Batting: RHB Jurg Dansen
|
0-0: Ball Ricardo Rivera is caught stealing 2nd base 1-0: Called Strike 1-1: Ball 2-1: Ball 3-1: Foul Ball, location: 2F 3-2: Base on Balls
|
Batting: SHB Iikka Karpinen
|
0-0: Ball 1-0: Ball 2-0: Ball 3-0: Called Strike 3-1: Swinging Strike 3-2: Strikes out swinging
|
Top of the 5th over - 0 run(s), 1 hit(s), 0 error(s), 1 left on base; Highwood 0 - Connetquot 0 |
BOTTOM OF THE 5TH |
Connetquot Chiefs batting - Pitching for Highwood Hawks : RHP Matt Digby
|
Batting: RHB Cristián Ramírez
|
0-0: Ball 1-0: Called Strike 1-1: Ball 2-1: Ball 3-1: Base on Balls
|
Batting: RHB Gioacchino Basaglia
|
0-0: Bunt missed! 0-1: Bunt missed! 0-2: Ball 1-2: Foul Ball, location: 2F 1-2: Ball 2-2: Ball 3-2: Base on Balls Cristián Ramírez to second
|
Batting: RHB DeAndre Thomas
|
0-0: Ball 1-0: Swinging Strike 1-1: Foul Ball, location: 2F 1-2: Ball 2-2: Strikes out swinging
|
Batting: RHB Felipe Córdova
|
0-0: Ball 1-0: Ball 2-0: Grounds into double play, 5-4-3 (Groundball, 56)
|
Bottom of the 5th over - 0 run(s), 0 hit(s), 0 error(s), 1 left on base; Highwood 0 - Connetquot 0 |
TOP OF THE 6TH |
Highwood Hawks batting - Pitching for Connetquot Chiefs : LHP Jamey Crockett
|
Batting: RHB Rafael Rivera
|
0-0: DOUBLE (Line Drive, 78M)
|
Batting: RHB Lane McCool
|
0-0: Intentional Walk
|
Batting: RHB Luis Díaz
|
0-0: Ball 1-0: Called Strike 1-1: Fly out, F6 (Popup, 6MD)
|
Batting: RHB Tevin McTevin
|
0-0: Foul Ball, location: 2F 0-1: DOUBLE (Line Drive, 7) Rafael Rivera scores Lane McCool to third
|
Batting: RHB Stan Pagnotta
|
0-0: Intentional Walk
|
Batting: RHB Jack Bonner
|
0-0: Fly out, F7 (Flyball, 7LS) Runner from 3rd tags up, SCORES, no throw
|
Batting: RHB Ricardo Rivera
|
0-0: Called Strike 0-1: Called Strike 0-2: Ball 1-2: Ball 2-2: Foul Ball, location: 2F 2-2: Fielders Choice at 2nd, 4-6 (Groundball, 4)
|
Top of the 6th over - 2 run(s), 2 hit(s), 0 error(s), 1 left on base; Highwood 2 - Connetquot 0 |
BOTTOM OF THE 6TH |
Connetquot Chiefs batting - Pitching for Highwood Hawks : RHP Matt Digby
|
Batting: RHB Jesús Jaramillo
|
0-0: Ball 1-0: Ground out U3 (Groundball, 34)
|
Batting: RHB Dan Chrzan
|
0-0: Called Strike 0-1: Ball 1-1: Called Strike 1-2: SINGLE (Flyball, 8RS)
|
Batting: RHB Steve Orwig
|
0-0: Fly out, F8 (Flyball, 89D)
|
Batting: RHB Ricardo Pulido
|
0-0: Called Strike 0-1: Called Strike 0-2: Ball 1-2: Ball 2-2: Ball 3-2: SINGLE (Groundball, 56D) Dan Chrzan to second Dan Chrzan to third
|
Batting: LHB Travis Grigor
|
0-0: Ball 1-0: Ball 2-0: Ball 3-0: Base on Balls Ricardo Pulido to second
|
Batting: RHB Cristián Ramírez
|
0-0: Called Strike 0-1: Ball 1-1: Ball 2-1: Ground out 5-3 (Groundball, 56)
|
Bottom of the 6th over - 0 run(s), 2 hit(s), 0 error(s), 3 left on base; Highwood 2 - Connetquot 0 |
TOP OF THE 7TH |
Highwood Hawks batting - Pitching for Connetquot Chiefs : LHP Jamey Crockett
|
Batting: RHB Jurg Dansen
|
0-0: Foul Ball, location: 2F 0-1: Ball 1-1: Foul Ball, location: 2F 1-2: Ground out 4-3 (Groundball, 4MS)
|
Batting: SHB Iikka Karpinen
|
0-0: Called Strike 0-1: Called Strike 0-2: Fly out, F4 (Line Drive, 4M)
|
Batting: RHB Rafael Rivera
|
0-0: Swinging Strike 0-1: Foul Ball, location: 2F 0-2: SINGLE (Line Drive, 8RS)
|
Pitching: RHP Miguel Ramírez
|
|
Batting: RHB Lane McCool
|
0-0: Ball 1-0: Ball 2-0: Called Strike 2-1: Ball Rafael Rivera steals 2nd base 3-1: Called Strike 3-2: Strikes out swinging
|
Top of the 7th over - 0 run(s), 1 hit(s), 0 error(s), 1 left on base; Highwood 2 - Connetquot 0 |
BOTTOM OF THE 7TH |
Connetquot Chiefs batting - Pitching for Highwood Hawks : RHP Matt Digby
|
Batting: RHB Gioacchino Basaglia
|
0-0: Ground out 4-3 (Groundball, 4)
|
Batting: RHB DeAndre Thomas
|
0-0: Called Strike 0-1: Ball 1-1: SINGLE (Flyball, 7LS)
|
Batting: RHB Felipe Córdova
|
Pickoff Throw to First - Out! 0-0: Called Strike 0-1: Ball 1-1: SINGLE (Line Drive, 6D)
|
Batting: RHB Jesús Jaramillo
|
0-0: Foul Ball, location: 2F 0-1: Ball 1-1: Called Strike 1-2: Ball 2-2: Fly out, F9 (Line Drive, 9)
|
Bottom of the 7th over - 0 run(s), 2 hit(s), 0 error(s), 1 left on base; Highwood 2 - Connetquot 0 |
TOP OF THE 8TH |
Highwood Hawks batting - Pitching for Connetquot Chiefs : RHP Miguel Ramírez
|
Batting: RHB Luis Díaz
|
0-0: Called Strike 0-1: SINGLE (Flyball, 9LS)
|
Batting: RHB Tevin McTevin
|
0-0: Ball Luis Díaz steals 2nd base 1-0: Called Strike 1-1: Called Strike 1-2: Foul Ball, location: 2F 1-2: Ball 2-2: Foul Ball, location: 2F 2-2: Strikes out swinging
|
Batting: RHB Stan Pagnotta
|
0-0: Intentional Walk
|
Batting: RHB Jack Bonner
|
0-0: Called Strike 0-1: Foul Ball, location: 2F 0-2: Foul Ball, location: 2F 0-2: Ball 1-2: Strikes out swinging
|
Pinch Hitting: RHB Juan González
|
0-0: Ball 1-0: Foul Ball, location: 2F 1-1: Called Strike 1-2: Ball 2-2: Foul Ball, location: 2F 2-2: Ground out 6-3 (Groundball, 6MS)
|
Top of the 8th over - 0 run(s), 1 hit(s), 0 error(s), 2 left on base; Highwood 2 - Connetquot 0 |
BOTTOM OF THE 8TH |
Connetquot Chiefs batting - Pitching for Highwood Hawks : RHP Matt Digby
|
Pitching: RHP Robert Vodchak
|
|
Now at 1B: Owen Cannon
|
|
Batting: RHB Dan Chrzan
|
0-0: Called Strike 0-1: Ball 1-1: Called Strike 1-2: SINGLE (Line Drive, 56)
|
Pitching: RHP Érico Laborde
|
|
Batting: RHB Steve Orwig
|
0-0: Ball 1-0: Swinging Strike 1-1: Called Strike 1-2: Strikes out looking
|
Batting: RHB Ricardo Pulido
|
0-0: Ball 1-0: Ball 2-0: Called Strike 2-1: Ground out 5-3 (Groundball, 25) Dan Chrzan to second
|
Batting: LHB Travis Grigor
|
0-0: Fly out, F7 (Flyball, 78S)
|
Bottom of the 8th over - 0 run(s), 1 hit(s), 0 error(s), 1 left on base; Highwood 2 - Connetquot 0 |
TOP OF THE 9TH |
Highwood Hawks batting - Pitching for Connetquot Chiefs : RHP Miguel Ramírez
|
Pitching: RHP Alan McKinney
|
|
Batting: RHB Jurg Dansen
|
0-0: Foul Ball, location: 2F 0-1: Ball 1-1: SINGLE (Flyball, 7S)
|
Batting: SHB Iikka Karpinen
|
0-0: Bunted foul 0-1: Sac Bunt - play at first, batter OUT! 1-4 Jurg Dansen to second
|
Batting: RHB Rafael Rivera
|
0-0: Ball 1-0: Ball 2-0: Ball 3-0: Base on Balls
|
Batting: RHB Lane McCool
|
0-0: Ball 1-0: Called Strike 1-1: Called Strike 1-2: Ball 2-2: Strikes out swinging
|
Pinch Hitting: LHB Jaime Aguilar
|
0-0: Ball 1-0: Foul Ball, location: 2F 1-1: Foul Ball, location: 2F 1-2: Foul Ball, location: 2F 1-2: Ground out 3-1 (Groundball, 34D)
|
Top of the 9th over - 0 run(s), 1 hit(s), 0 error(s), 2 left on base; Highwood 2 - Connetquot 0 |
BOTTOM OF THE 9TH |
Connetquot Chiefs batting - Pitching for Highwood Hawks : RHP Érico Laborde
|
Pitching: RHP José Barquero
|
|
Now at 1B: Jaime Aguilar
|
|
Batting: RHB Cristián Ramírez
|
0-0: Called Strike 0-1: Ball 1-1: Ball 2-1: Ball 3-1: Foul Ball, location: 2F 3-2: Foul Ball, location: 2F 3-2: Strikes out looking
|
Batting: RHB Gioacchino Basaglia
|
0-0: Ball 1-0: Ball 2-0: SINGLE (Groundball, 56D)
|
Batting: RHB DeAndre Thomas
|
0-0: Swinging Strike 0-1: Ball 1-1: Ball 2-1: Foul Ball, location: 2F 2-2: Ball 3-2: Base on Balls Gioacchino Basaglia to second
|
Pinch Hitting: LHB Govaart Pleijt
|
0-0: Called Strike 0-1: Ball 1-1: Fly out, F7 (Flyball, 7)
|
Batting: RHB Jesús Jaramillo
|
0-0: Called Strike 0-1: Called Strike 0-2: Ball 1-2: Ball 2-2: Foul Ball, location: 2F 2-2: Foul Ball, location: 2F 2-2: Fielders Choice at 2nd, 4-6 (Groundball, 4)
|
Bottom of the 9th over - 0 run(s), 1 hit(s), 0 error(s), 1 left on base; Highwood 2 - Connetquot 0 |
|